 Dungeon Crawl Stone Soup version 0.30-b1-2-g02819fbbbe (webtiles) character file.

Game seed: 5072373572230193412

332 Borgoz the Slasher (level 6, -3/56 HPs)
             Began as a Minotaur Berserker on June 22, 2023.
             Was a Priest of Trog.
             Slain by a gnoll
             ... wielding a +0 whip
             ... led by a gnoll bouda
              (7 damage)
             ... on level 4 of the Dungeon.
             The game lasted 00:02:52 (2704 turns).

Borgoz the Slasher (Minotaur Berserker)             Turns: 2704, Time: 00:02:52

Health: -3/56      AC:  7    Str: 22    XL:     6   Next: 26%
Magic:  5/5        EV: 12    Int:  4    God:    Trog [***...]
Gold:   139        SH:  0    Dex: 11    Spells: 5/5 levels left

rFire   . . .        a - +0 falchion
rCold   . . .        (no shield)
rNeg    . . .        g - +0 ring mail
rPois   .            (helmet restricted)
rElec   .            (no cloak)
rCorr   .            c - +0 pair of gloves
SInv    +            (no boots)
Will    .....        p - amulet of faith
Stlth   +            l - ring of see invisible
HPRegen 0.29/turn    (no ring)
MPRegen 0.09/turn

%: faith
@: on berserk cooldown, slowed, very slow
A: horns 2, retaliatory headbutt
a: Renounce Religion, Berserk, Trog's Hand


You were on level 4 of the Dungeon.
You worshipped Trog.
Trog was most pleased with you.
You visited 1 branch of the dungeon, and saw 4 of its levels.

You collected 139 gold pieces.

Inventory:

Hand Weapons
 a - a +0 falchion (weapon)
Missiles
 j - 14 poisoned darts (quivered)
Armour
 c - a +0 pair of gloves (worn)
 g - a +0 ring mail (worn)
Jewellery
 l - a ring of see invisible (left hand)
 p - an amulet of faith (around neck)
Wands
 n - a wand of digging (4)
Scrolls
 b - 2 scrolls of blinking {unknown}
 e - 3 scrolls of magic mapping
 h - a scroll of teleportation {unknown}
 i - a scroll of vulnerability {unknown}
 k - 2 scrolls of identify
 m - a scroll of enchant weapon {unknown}
Potions
 d - 2 potions of curing
 f - a potion of might
 o - a potion of haste {unknown}
 q - a potion of flight {unknown}
 r - a potion of cancellation {unknown}


   Skills:
 * Level 5.2 Fighting
 * Level 5.3 Long Blades
 * Level 4.5 Armour
 * Level 4.1 Dodging


You had 5 spell levels left.
You didn't know any spells.
Your spell library was empty.

Dungeon Overview and Level Annotations

Branches:
Dungeon (4/15)
 Temple: D:4-7

Altars:
Cheibriados
Elyvilon
Hepliaklqana
Nemelex Xobeh
Uskayaw


Innate Abilities, Weirdness & Mutations

You have a pair of horns on your head.
You reflexively headbutt those who attack you in melee.


Message History

A kobold comes into view. It is wielding a +0 dagger.
The gnoll bouda mumbles some strange prayers to its god.
The gnoll bouda is healed somewhat.
The gnoll hits you with a +0 whip.
The gnoll hits you from afar with a +0 spear.
The gnoll bouda hits you with a +0 whip!
* * * LOW HITPOINT WARNING * * *
The gnoll hits you with a +0 whip.
* * * LOW HITPOINT WARNING * * *
You hit the gnoll bouda.
The gnoll bouda is severely wounded.
The gnoll hits you but does no damage. The gnoll hits you with a +0 whip.
* * * LOW HITPOINT WARNING * * *
The gnoll hits you but does no damage.
You slash the gnoll bouda!
You kill the gnoll bouda!
Trog accepts your kill. The kobold closely misses you. You furiously retaliate!
You headbutt the kobold!
You kill the kobold!
Trog accepts your kill. The gnoll barely misses you.
The gnoll completely misses you.
You barely miss the gnoll. The gnoll hits you with a +0 whip.
* * * LOW HITPOINT WARNING * * *
The gnoll throws a throwing net.
The throwing net hits you.
You become entangled in the net!
The gnoll hits you with a +0 whip.
* * * LOW HITPOINT WARNING * * *
You struggle against the net.
The gnoll hits you but does no damage. The gnoll hits you with a +0 whip.
* * * LOW HITPOINT WARNING * * *
The gnoll hits you from afar with a +0 spear.
* * * LOW HITPOINT WARNING * * *
You tear a large gash into the net.
You feel a strong urge to attack something.
You are no longer berserk.
You are exhausted.
You feel yourself slow down. The gnoll closely misses you.
The gnoll barely misses you.
You rip the net and break free!
The gnoll hits you with a +0 whip!
You die...

####...........
###........#
#.######## #.#
##.## #...#
#..g######
#g)......#
#g@g####..
......).......#
..............#
.#............#
#####...####.#
#.... # #...##
#...#


You could see 4 gnolls.

Vanquished Creatures
  An ogre (D:4)
  A gnoll bouda (D:4)
  Robin (D:3)
  6 adders
  7 gnolls
  2 worms (D:2)
  3 dart slugs
  An orc (D:3)
  4 endoplasms
  2 giant cockroaches
  10 goblins
  15 hobgoblins
  4 quokkas
  6 ball pythons
  3 bats
  4 frilled lizards
  8 kobolds
  2 rats
80 creatures vanquished.

Notes
Turn   | Place    | Note
-------+----------+-------------------------------------------
     0 | D:1      | Borgoz the Minotaur Berserker began the quest for the Orb.
     0 | D:1      | Reached XP level 1. HP: 19/19 MP: 0/0
   207 | D:1      | Reached XP level 2. HP: 27/27 MP: 1/1
   739 | D:2      | Reached ** piety under Trog
   753 | D:2      | Reached XP level 3. HP: 12/33 MP: 2/2
  1456 | D:2      | Reached XP level 4. HP: 40/40 MP: 3/3
  1837 | D:3      | Found a white marble altar of Elyvilon.
  1871 | D:3      | Reached XP level 5. HP: 38/47 MP: 4/4
  2181 | D:3      | Noticed Robin
  2190 | D:3      | Reached *** piety under Trog
  2196 | D:3      | Killed Robin
  2326 | D:3      | Found a hide-covered altar of Uskayaw.
  2328 | D:3      | Found a sparkling altar of Nemelex Xobeh.
  2328 | D:3      | Found a hazy altar of Hepliaklqana.
  2331 | D:3      | Found a snail-covered altar of Cheibriados.
  2439 | D:3      | Reached skill level 5 in Long Blades
  2685 | D:4      | Noticed an ogre
  2693 | D:4      | Killed an ogre
  2694 | D:4      | Reached skill level 5 in Fighting
  2694 | D:4      | Reached XP level 6. HP: 36/56 MP: 5/5
  2704 | D:4      | Slain by a gnoll

Illustrated notes

Levels and vault maps discovered:
D:1:      dpeg_arrival_short_road, layout_loops_cross
D:2:      layout_basic
D:3:      layout_basic, grunt_temple_overflow_open, elyvilon_altar_1, uniq_robin
D:4:      minmay_diamond_boxcup, layout_loops_cross, zin_statuary,
          grunt_qazlal_sundering, temple_hall

Skill      XL: |  1  2  3  4  5 |
---------------+----------------+-----
Long Blades    | 4 5 |  5.3
Fighting       | 4 5 |  5.2
Armour         | 3 4 |  4.5
Dodging        | 3 4 |  4.1

Action                     |  1- 3 |  4- 6 || total
---------------------------+-------+-------++-------
  Melee: Falchion          |    97 |    94 ||   191
         Headbutt          |    13 |    15 ||    28
         Punch             |       |     1 ||     1
 Invoke: Berserk           |     1 |     3 ||     4
    Use: Scroll            |     3 |       ||     3
         Potion            |       |     1 ||     1
 Armour: Animal skin       |     6 |       ||     6
         Ring mail         |    26 |    31 ||    57
  Dodge: Dodged            |    42 |    82 ||   124
